 Dungeon Crawl Stone Soup version 0.17-b1-36-g7b1967c (webtiles) character file.

81 tp1 the Magician (level 4, -6/24 HPs)
             Began as a Deep Elf Conjurer on Nov 6, 2015.
             Mangled by an ice beast (14 damage)
             ... on level 3 of the Dungeon.
             The game lasted 00:06:02 (3351 turns).

tp1 the Magician (Deep Elf Conjurer)                Turns: 3351, Time: 00:06:02

Health: -6/24      AC:  2    Str:  5    XL:     4   Next: 20%
Magic:  0/13       EV: 13    Int: 21    God:
Gold:   96         SH:  0    Dex: 15    Spells: 2 memorised, 10 levels left

rFire  . . .     SeeInvis .     (no weapon)
rCold  . . .     Clarity  .     a - +0 robe
rNeg   . . .     SustAt   .     (no shield)
rPois  .         Gourm    .     (no helmet)
rElec  .         Spirit   .     (no cloak)
rCorr  .         Warding  .     (no gloves)
rMut   .         Stasis   .     (no boots)
MR     .....                    (no amulet)
Stlth  ++........               (no ring)
                                (no ring)

@: not resistant to hostile enchantments, unstealthy
A: no striking features
a: no special abilities


You were on level 3 of the Dungeon.
You were not hungry.

You visited 1 branch of the dungeon, and saw 3 of its levels.

You collected 96 gold pieces.

Inventory:

Armour
 a - a +0 robe (worn)
Jewellery
 g - an uncursed ring of sustain attributes {unknown}
Scrolls
 d - 3 scrolls of remove curse {unknown}
 e - a scroll of noise {unknown}
 h - a scroll of fear {unknown}
 i - a scroll of recharging {unknown}
 l - a scroll of teleportation {unknown}
 m - a scroll of identify {unknown}
Potions
 j - a potion of flight {unknown}
 k - a potion of cancellation {unknown}
Books
 b - a book of Conjurations

   Spells                             Type                      Level
   a - Magic Dart                     Conjuration                  1
   b - Searing Ray                    Conjuration                  2
   c - Dazzling Spray                 Conjuration/Hexes            3
   d - Fulminant Prism                Conjuration/Hexes            4
   e - Iskenderun's Mystic Blast      Conjuration                  4
   f - Iskenderun's Battlesphere      Conjuration/Charms           5
Comestibles
 c - 3 bread rations
 f - a meat ration
 n - 2 chunks of flesh


   Skills:
 - Level 2.4 Dodging
 - Level 2.4 Stealth
 + Level 5.4 Spellcasting
 - Level 5.0 Conjurations


You had 10 spell levels left.
You knew the following spells:

 Your Spells              Type           Power        Failure   Level  Hunger
a - Magic Dart            Conj           ####         1%          1    None
b - Searing Ray           Conj           ####..       1%          2    None


Dungeon Overview and Level Annotations

Branches:
Dungeon (3/15)

Altars:


Message History

Ouch! That really hurt!
The searing ray hits the ice beast.
The ice beast is severely wounded.
The ice beast hits you but does no damage.
The searing ray hits the ice beast.
The ice beast is almost dead.
The ice beast closely misses you. The ice beast barely misses you.
Casting: Searing Ray
Confirm with . or Enter, or press ? or * to list all spells.
Aiming: Searing Ray
Press: ? - help, Shift-Dir - straight line, f/p - ice beast
Aim: an ice beast (almost dead)
The searing ray hits the ice beast.
The ice beast is almost dead.
The ice beast hits you but does no damage.
Without enough magic to sustain it, your searing ray dissipates.
The ice beast hits you. The ice beast freezes you!
Ouch! That really hurt!
You die...

........## #.........#
########..######.#######.####
...................).........
##......#..####..............
#......##.## #..##.####.####
#########..# #..##......##..
##.###.###......##.# #..##.#
#......##.# ##@##.#
#......##.# #...)Y...#
#......##..
#.................####
#####.######...#### ... ...
... ....#


You could see an ice beast.

Vanquished Creatures
  3 adders
  A worm (D:2)
  3 giant geckos (D:2)
  An orc (D:3)
  A ball python (D:2)
  3 giant cockroaches
  7 goblins
  5 hobgoblins
  7 jackals (D:2)
  A quokka (D:2)
  4 bats (D:1)
  2 giant newts
  5 kobolds
  4 rats
47 creatures vanquished.

Notes
Turn   | Place    | Note
--------------------------------------------------------------
     0 | D:1      | tp1 the Deep Elf Conjurer began the quest for the Orb.
     0 | D:1      | Reached XP level 1. HP: 10/10 MP: 6/6
   442 | D:1      | Reached XP level 2. HP: 15/15 MP: 5/8
   747 | D:1      | Reached skill level 5 in Conjurations
  1598 | D:2      | Learned a level 2 spell: Searing Ray
  1694 | D:2      | Reached XP level 3. HP: 11/19 MP: 1/10
  2528 | D:2      | Reached skill level 5 in Spellcasting
  3237 | D:3      | Reached XP level 4. HP: 24/24 MP: 10/13
  3341 | D:3      | Noticed an ice beast
  3351 | D:3      | Mangled by an ice beast

Action                   |  1- 3 |  4- 6 || total
-------------------------+-------+-------++-------
 Cast: Magic Dart        |    71 |    15 ||    86
       Searing Ray       |     6 |     2 ||     8
  Eat: Chunk             |     5 |     2 ||     7
